 Dungeon Crawl Stone Soup version 0.16-a0-286-g6bac339 (webtiles) character file.

119 Kashira the Gusty (level 5, -1/28 HPs)
             Began as a Tengu Air Elementalist on Aug 28, 2014.
             Slain by a human (7 damage)
             ... on Level 2 of the Dungeon.
             The game lasted 00:23:07 (3263 turns).

Kashira the Gusty (Tengu Air Elementalist)          Turns: 3263, Time: 00:23:07

HP  -1/28        AC  2     Str  9      XL: 5   Next:  3%
MP  12/12        EV 13     Int 15      God:
Gold 124         SH  0     Dex 15      Spells:  4 memorised,  1 level left

rFire  . . .     SeeInvis .     m - +0 hand axe
rCold  . . .     Clarity  .     a - +0 robe
rNeg   . . .     rCorr    .     (no shield)
rPois  .         rRot     .     (helmet restricted)
rElec  .         Spirit   .     (no cloak)
SustAb .         Warding  .     (no gloves)
rMut   .         Stasis   .     (boots unavailable)
Gourm  .                        (no amulet)
MR     .....                    (no ring)
                                (no ring)

@: about to teleport, not resistant to hostile enchantments, unstealthy
A: able to fly, beak, talons 3
a: Fly


You were on level 2 of the Dungeon.
You were not hungry.

You visited 1 branch of the dungeon, and saw 3 of its levels.

You collected 124 gold pieces.

Inventory:

Hand weapons
 m - a +0 hand axe (weapon)
Armour
 a - a +0 robe (worn)
Scrolls
 d - 3 scrolls of identify {unknown}
 g - 2 scrolls of remove curse
 j - a scroll of teleportation
Potions
 c - a potion of degeneration {unknown}
 e - a potion of lignification {unknown}
 f - a potion of mutation {unknown}
 h - a potion of cure mutation {unknown}
 i - 2 potions of restore abilities {unknown}
 k - a potion of poison {unknown}
 l - a potion of porridge
 o - a potion of haste {unknown}
Books
 b - a book of Air

   Spells                             Type                      Level
   *Shock                             Conjuration/Air              1
   *Swiftness                         Charms/Air                   2
   *Repel Missiles                    Charms/Air                   2
   Flight                             Charms/Air                   3
   *Static Discharge                  Conjuration/Air              3
   Lightning Bolt                     Conjuration/Air              5


   Skills:
 + Level 2.8 Dodging
 + Level 2.1 Stealth
 + Level 0.2 Unarmed Combat
 + Level 2.9 Spellcasting
 + Level 2.9 Conjurations
 + Level 5.3 Air Magic


You had one spell level left.
You knew the following spells:

 Your Spells              Type           Power        Failure   Level  Hunger
a - Shock                 Conj/Air       ##..         4%          1    #......
b - Swiftness             Chrm/Air       ##......     12%         2    ##.....
c - Repel Missiles        Chrm/Air       ##....       12%         2    ##.....
d - Static Discharge      Conj/Air       ##......     14%         3    ###....


Dungeon Overview and Level Annotations

Branches:
Dungeon (3/15)

Altars:
Yredelemnul

Annotations:
D:2 Sigmund


Innate Abilities, Weirdness & Mutations

You can fly.
You have a beak for a mouth.
You have claws for feet.


Message History

An adder, a worm, 3 goblins and a hobgoblin come into view.
The goblin shouts! x3
The goblin barely misses you. The goblin hits you.
Found a leather armour.
Found a stone staircase leading down.
A quokka comes into view.
There is a stone staircase leading up here.
The adder bites you.
* * * LOW HITPOINT WARNING * * *
The goblin hits you but does no damage. The goblin hits you.
* * * LOW HITPOINT WARNING * * *
The goblin closely misses you.
You climb upwards.
Level annotation: Sigmund The human barely misses you.
There is a stone staircase leading down here.
Read which item? (? for menu, Esc to quit)
As you read the scroll labeled NETIGR EDOQIO, it crumbles to dust.
You feel strangely unstable.
It was a scroll of teleportation.
The adder closely misses you. The human hits you!
You die...

#.##.# ############## #.##.#
.............# ##.##.#
############.### #..##.#######
### #.#.######............
##.#########.#.##.........#######
.......................#.........
...##..........Sgp###..#.........
##.##......#(#.#@...J............
##.#...........#gg###..#...######
...................##..#.....###
##.#...............##...J......##
#.#......8#.#.....##(.#..8...8..
#.#.......#####.......#.........
#)#......######........8...<...8
#.##.###.#...##...##..#.........
#.##.#.'.#._.##.......#..8...8.#


You could see a human, an ooze, an adder and 3 goblins.

Vanquished Creatures
  4 adders
  A gnoll (D:1)
  A giant mite (D:2)
  A giant gecko (D:1)
  An ooze (D:3)
  An orc (D:3)
  2 ball pythons
  3 giant cockroaches
  5 goblins
  16 hobgoblins
  6 kobolds
  A quokka (D:2)
  8 bats
  2 giant newts
  A goblin skeleton (D:2)
  2 jackals (D:1)
  7 rats
62 creatures vanquished.

Notes
Turn   | Place    | Note
--------------------------------------------------------------
     0 | D:1      | Kashira, the Tengu Air Elementalist, began the quest for the Orb.
     0 | D:1      | Reached XP level 1. HP: 10/10 MP: 3/3
    17 | D:1      | Reached XP level 2. HP: 15/15 MP: 0/5
   555 | D:1      | Reached XP level 3. HP: 19/19 MP: 2/7
   568 | D:1      | Learned a level 2 spell: Swiftness
   578 | D:1      | Learned a level 2 spell: Repel Missiles
  1706 | D:2      | Noticed a human
  1711 | D:2      | Found a basalt altar of Yredelemnul.
  1724 | D:2      | Reached skill level 5 in Air Magic
  1724 | D:2      | Reached XP level 4. HP: 24/24 MP: 3/9
  1914 | D:2      | Noticed Sigmund
  2407 | D:2      | Learned a level 3 spell: Static Discharge
  2693 | D:3      | Reached XP level 5. HP: 22/28 MP: 1/12
  3263 | D:2      | Slain by a human

Action                   |  1- 3 |  4- 6 || total
-------------------------+-------+-------++-------
Melee: Unarmed           |    30 |       ||    30
       Hand axe          |       |    10 ||    10
 Cast: Shock             |    84 |    83 ||   167
       Swiftness         |     2 |     1 ||     3
       Static Discharge  |       |     3 ||     3
  Use: Scroll            |       |     2 ||     2
  Eat: Chunk             |     1 |     2 ||     3
       Bread ration      |     1 |     1 ||     2
